 Dungeon Crawl Stone Soup version 0.24.0-1-gfbc8707 (webtiles) character file.

Game seed: 11266313998604828884, levelgen mode: deterministic

73 Fang the Skirmisher (level 4, -1/29 HPs)
             Began as a Gargoyle Berserker on Oct 31, 2019.
             Was a Believer of Trog.
             Slain by a worm (2 damage)
             ... on level 3 of the Dungeon.
             The game lasted 00:01:21 (1586 turns).

Fang the Skirmisher (Gargoyle Berserker)            Turns: 1586, Time: 00:01:21

Health: -1/29      AC:  5    Str: 22    XL:     4   Next: 27%
Magic:  4/4        EV: 12    Int:  7    God:    Trog [**....]
Gold:   170        SH:  0    Dex:  9    Spells: 3/3 levels left

rFire    . . .     SeeInvis .   a - +0 hand axe
rCold    . . .     Gourm    .   (no shield)
rNeg     + . .     Faith    .   b - +0 animal skin
rPois    ∞         Spirit   .   (no helmet)
rElec    +         Reflect  .   (no cloak)
rCorr    .         Harm     .   (no gloves)
MR       +....     Rnd*Tele +   (no boots)
Stlth    +.........             (no amulet)
HPRegen  0.09/turn              g - ring of teleportation (curse)
MPRegen  0.09/turn              l - ring of protection from magic

@: no status effects
A: negative energy resistance 1, electricity resistance, unbreathing,
petrification resistance, rot immunity, AC +3
a: Berserk, Trog's Hand, Renounce Religion


You were on level 3 of the Dungeon.
You worshipped Trog.
Trog was pleased with you.
You were not hungry.

You visited 1 branch of the dungeon, and saw 3 of its levels.

You collected 170 gold pieces.

Inventory:

Hand Weapons
 a - a +0 hand axe (weapon)
Armour
 b - a +0 animal skin (worn)
Jewellery
 g - a cursed ring of teleportation (left hand)
 l - a ring of protection from magic (right hand)
Wands
 p - a wand of polymorph (12)
Scrolls
 d - a scroll of teleportation {unknown}
 e - a scroll of enchant armour {unknown}
 f - 2 scrolls of fog {unknown}
 h - 4 scrolls of identify {unknown}
 i - 2 scrolls of amnesia {unknown}
 k - a scroll of remove curse {unknown}
 n - 2 scrolls of enchant weapon {unknown}
Potions
 m - 2 potions of resistance {unknown}
 o - a potion of agility {unknown}
Comestibles
 c - 8 rations
 j - a chunk of flesh


   Skills:
 + Level 4.0 Fighting
 + Level 3.2 Axes
 + Level 3.0 Armour
 + Level 2.2 Dodging


You had 3 spell levels left.
You didn't know any spells.
Your spell library was empty.

Dungeon Overview and Level Annotations

Branches:
Dungeon (3/15)

Altars:


Innate Abilities, Weirdness & Mutations

You are resistant to torment.
Your stone body is resilient. (AC +3)
You are immune to poison.
You resist negative energy. (rN+)
You are resistant to electric shocks. (rElec)
You can survive without breathing.
You are immune to petrification.
You are immune to rotting.


Message History

You are too injured to fight recklessly!
You are too injured to fight recklessly!
You are too injured to fight recklessly!
You are too injured to fight recklessly!
You slash the worm!
The worm is heavily wounded.
The worm bites you!
* * * LOW HITPOINT WARNING * * *
You hit the worm.
The worm is heavily wounded.
You barely miss the worm.
The worm is heavily wounded.
The worm bites you.
* * * LOW HITPOINT WARNING * * *
You hit the worm but do no damage.
The worm is heavily wounded.
You hit the worm.
The worm is severely wounded.
The worm bites you.
You die...

#.# #.# #.# #.#
########### #.#
#.........######## #.#
#.................
#.####...[.....†.......
##.#...######+##@.....[.
...#.#'### #w.......
#..#.....#### #........
...#.......... #........
..........#### #........
.........>... .........
#.#........... ..#######
..#..####..... ..#
###... .....


You could see a worm.

Vanquished Creatures
  A gnoll (D:1)
  An adder (D:2)
  A worm (D:3)
  2 leopard geckos
  3 ball pythons
  2 giant cockroaches
  6 goblins
  10 hobgoblins
  A quokka (D:2)
  4 bats
  5 frilled lizards
  6 kobolds
  5 rats
47 creatures vanquished.

Notes
Turn   | Place    | Note
-------+----------+-------------------------------------------
     0 | D:1      | Fang the Gargoyle Berserker began the quest for the Orb.
     0 | D:1      | Reached XP level 1. HP: 14/14 MP: 1/1
    58 | D:1      | Reached XP level 2. HP: 15/19 MP: 2/2
   321 | D:1      | Reached XP level 3. HP: 14/23 MP: 3/3
   830 | D:2      | Reached ** piety under Trog
   998 | D:2      | Reached XP level 4. HP: 26/29 MP: 4/4
  1516 | D:3      | Reached skill level 4 in Fighting
  1584 | D:3      | HP: 1/29 [worm (6)]
  1586 | D:3      | Slain by a worm

Levels and vault maps discovered:
D:1:      minmay_arrival_stone_box, layout_loops_cross, minmay_crystal_room
D:2:      layout_loops_ring, first_ration
D:3:      layout_basic, serial_bayou_lake_a

Skill      XL: |  1  2  3  4 |
---------------+-------------+-----
Axes           | 3 |  3.2
Dodging        | 2 |  2.2
Armour         | 3 |  3.0
Fighting       | 4 |  4.0

Action                   |  1- 3 |  4- 6 || total
-------------------------+-------+-------++-------
Melee: Hand axe          |   109 |    47 ||   156
  Eat: Chunk             |       |     2 ||     2
Armor: Animal skin       |    43 |     5 ||    48
Dodge: Dodged            |    83 |    26 ||   109
